 Dungeon Crawl Stone Soup version 0.18.1-6-gd335043 (webtiles) character file.

485 inmateoo the Cudgeler (level 7, -4/72 HPs)
             Began as an Ogre Arcane Marksman on May 20, 2016.
             Was a Believer of Cheibriados.
             Slain by a sky beast (6 damage)
             ... on level 5 of the Dungeon.
             The game lasted 00:06:02 (4786 turns).

inmateoo the Cudgeler (Ogre Arcane Marksman)        Turns: 4786, Time: 00:06:03

Health: -4/72      AC:  4    Str: 23    XL:     7   Next: 13%
Magic:  2/2        EV:  7    Int: 21    God:    Cheibriados [**....]
Gold:   250        SH:  8    Dex: 13    Spells: 1 memorised, 7 levels left

rFire  . . .     SeeInvis .     D - +7 mace "Omelette" {antimagic, MR+}
rCold  . . .     Gourm    .     a - +0 robe
rNeg   . . .     Faith    .     v - +0 shield
rPois  .         Spirit   .     (helmet restricted)
rElec  .         Dismiss  .     k - +0 cloak
rCorr  .         Reflect  .     (gloves unavailable)
SustAt .         Harm     .     (boots unavailable)
MR     +....                    (no amulet)
Stlth  +.........               (no ring)
                                (no ring)

@: brilliant, marked, very slow, somewhat resistant to hostile enchantments,
very unstealthy
A: unfitting armour, tough skin 1
a: Bend Time, Renounce Religion


You were on level 5 of the Dungeon.
You worshipped Cheibriados.
Cheibriados was pleased with you.
You were not hungry.

You visited 1 branch of the dungeon, and saw 6 of its levels.

You collected 250 gold pieces.

Inventory:

Hand Weapons
 A - a +0 whip of electrocution
 D - the +7 mace "Omelette" (weapon) {antimagic, MR+}
   (You found it on level 5 of the Dungeon)

   It disrupts the flow of magical energy around spellcasters and certain
   magical creatures (including the wielder).
   It affects your resistance to hostile enchantments.
Missiles
 c - 4 large rocks (quivered)
 d - 2 throwing nets
Armour
 a - a +0 robe (worn)
 k - a +0 cloak (worn)
 v - a +0 shield (worn)
Wands
 e - a wand of polymorph (6/24)
 m - a wand of acid (6/15)
 y - a wand of flame (23/48)
Scrolls
 h - 3 scrolls of remove curse
 s - 3 scrolls of recharging
 t - 2 scrolls of teleportation
 x - a scroll of fog
 B - a scroll of blinking {unknown}
 C - a scroll of enchant weapon
Potions
 i - a potion of cancellation
 l - a potion of magic
 n - a potion of lignification {unknown}
 w - a potion of degeneration {unknown}
Books
 b - a book of Debilitation

   Spells                             Type                      Level
   a - Corona                         Hexes                        1
   b - Slow                           Hexes                        2
   c - Gell's Gravitas                Hexes/Translocation          3
   d - Inner Flame                    Hexes/Fire                   3
   e - Cause Fear                     Hexes                        4
   f - Leda's Liquefaction            Hexes/Earth                  4
Comestibles
 f - 4 bread rations
 g - a slice of pizza
 q - a meat ration


   Skills:
 + Level 5.5 Fighting
 * Level 7.1 Maces & Flails
 - Level 2.0 Throwing
 + Level 2.1 Dodging
 + Level 0.8 Shields
 - Level 1.2 Spellcasting
 - Level 2.1 Hexes


You had 7 spell levels left.
You knew the following spells:

 Your Spells              Type           Power        Failure   Level  Hunger
a - Corona                Hex            ###....      6%          1    ##.....


Dungeon Overview and Level Annotations

Branches:
Dungeon (6/15)
 Temple: D:4-7

Altars:
Ashenzari
Cheibriados
Elyvilon
Fedhas
Okawaru
Qazlal
Sif Muna
Zin


Innate Abilities, Weirdness & Mutations

You are too large for most types of armour.
You have tough skin (AC +1).


Message History

The sky beast hits you.
* * * LOW HITPOINT WARNING * * *
The sky beast shocks you.
* * * LOW HITPOINT WARNING * * *
An orc comes into view. It is wielding a flail.
You barely miss the sky beast.
The sky beast is moderately wounded.
The sky beast flickers out of sight!
Deactivating autopickup; reactivate with Ctrl-A.
You block something's attack. Something hits you.
* * * LOW HITPOINT WARNING * * *
Something shocks you.
* * * LOW HITPOINT WARNING * * *
Drink which item? (? for menu, Esc to quit)
It was a potion of brilliance.
You feel clever all of a sudden.
You are no longer corroded.
Something hits you.
* * * LOW HITPOINT WARNING * * *
Something shocks you.
You die...

#.# #.# #.# ##
#..###.### ##.
........?.##### ..
............... #.
#######.#.###.#
#.###### ##.#.###.#
#o{@...####(....##.#
#.####.......#..##.#
... #######.#..##.#
..o.. #.......#
#.##...
########.#..#### #
#.#. .........#..#
#.##
##########..#### #.
#...... #.####.


You could see 2 orcs.

Vanquished Creatures
  A black bear (D:6)
  A centaur (D:6)
  A hound (D:5)
  A jelly (D:5)
  Terence (D:2)
  Jessica (D:2)
  2 worker ants
  5 adders
  2 oozes
  3 worms
  2 dart slugs
  2 giant geckos (D:2)
  13 orcs
  3 ball pythons
  4 giant cockroaches
  3 goblins
  5 hobgoblins
  7 jackals
  7 kobolds
  A quokka (D:3)
  5 bats
  6 giant newts
  6 rats
82 creatures vanquished.

Notes
Turn   | Place    | Note
--------------------------------------------------------------
     0 | D:1      | inmateoo the Ogre Arcane Marksman began the quest for the Orb.
     0 | D:1      | Reached XP level 1. HP: 19/19 MP: 2/2
   385 | D:1      | Reached skill level 1 in Maces & Flails
   409 | D:1      | Reached XP level 2. HP: 19/29 MP: 3/3
  1279 | D:2      | Noticed Jessica
  1286 | D:2      | Killed Jessica
  1286 | D:2      | Reached skill level 2 in Maces & Flails
  1286 | D:2      | Reached XP level 3. HP: 14/37 MP: 4/4
  1450 | D:2      | Reached skill level 3 in Maces & Flails
  1463 | D:2      | Found a stormy altar of Qazlal.
  1471 | D:2      | Reached XP level 4. HP: 34/45 MP: 5/5
  1485 | D:2      | Found a blossoming altar of Fedhas.
  1600 | D:2      | Noticed Terence
  1609 | D:2      | Killed Terence
  1609 | D:2      | Reached skill level 4 in Maces & Flails
  1657 | D:2      | Found a white marble altar of Elyvilon.
  1660 | D:2      | Found a deep blue altar of Sif Muna.
  1663 | D:2      | Found a shattered altar of Ashenzari.
  1994 | D:3      | Reached XP level 5. HP: 54/54 MP: 6/6
  2060 | D:3      | Found a snail-covered altar of Cheibriados.
  2068 | D:3      | Became a worshipper of Cheibriados the Contemplative
  2139 | D:3      | Found an iron altar of Okawaru.
  2861 | D:3      | Reached * piety under Cheibriados
  3060 | D:3      | Reached skill level 5 in Maces & Flails
  4049 | D:4      | You fall through a shaft for 2 floors!
  4053 | D:6      | Noticed a centaur
  4061 | D:6      | Killed a centaur
  4061 | D:6      | Reached skill level 5 in Fighting
  4061 | D:6      | Reached skill level 6 in Maces & Flails
  4061 | D:6      | Reached XP level 6. HP: 20/66 MP: 7/7
  4385 | D:6      | Found a glowing silver altar of Zin.
  4406 | D:6      | Noticed a black bear
  4413 | D:6      | Killed a black bear
  4513 | D:6      | Reached ** piety under Cheibriados
  4539 | D:5      | Entered Level 5 of the Dungeon
  4557 | D:5      | Reached XP level 7. HP: 53/72 MP: 8/8
  4740 | D:5      | Got a slimy mace
  4741 | D:5      | Identified the +7 mace "Omelette" {antimagic, MR+} (You found it on level 5 of the Dungeon)
  4777 | D:5      | Reached skill level 7 in Maces & Flails
  4785 | D:5      | HP: 3/72 [something (5)]
  4786 | D:5      | Slain by a sky beast

Skill      XL: |  1  2  3  4  5  6  7 |
---------------+----------------------+-----
Fighting       | 2 3 5 |  5.5
Maces & Flails | 1 2 3 4 6 7 |  7.1
Dodging        | 2 |  2.1
Throwing       | |  2.0
Shields        | |  0.8
Spellcasting   | |  1.2
Hexes          | |  2.1

Action                   |  1- 3 |  4- 6 |  7- 9 || total
-------------------------+-------+-------+-------++-------
Melee: Unarmed           |    40 |    15 |       ||    55
       Club              |    85 |     7 |       ||    92
       Falchion          |       |   118 |       ||   118
       Mace              |       |     9 |    10 ||    19
       Whip              |       |    50 |       ||    50
Evoke: Wand              |     2 |     5 |       ||     7
  Use: Scroll            |     3 |     6 |       ||     9
       Potion            |       |     1 |     2 ||     3
 Stab: Sleeping          |     1 |       |       ||     1
  Eat: Chunk             |     1 |     8 |       ||     9
Armor: Robe              |    31 |    66 |       ||    97
       Skin              |     1 |       |       ||     1
Dodge: Dodged            |    79 |   107 |     2 ||   188
Block: Shield            |       |    17 |     2 ||    19
